 Dungeon Crawl Stone Soup version 0.27-a0-421-g7ddf969dea (webtiles) character file.

Game seed: 17423889301524382762

64 kae the Insei (level 3, -3/30 HPs)
             Began as a Demonspawn Monk on Feb 26, 2021.
             Was a Believer of Qazlal.
             Killed from afar by an orc wizard (8 damage)
             ... with a magic dart
             ... on level 2 of the Dungeon.
             The game lasted 00:00:45 (582 turns).

kae the Insei (Demonspawn Monk)                      Turns: 582, Time: 00:00:46

Health: -3/30      AC:  4    Str: 12    XL:     3   Next: 91%
Magic:  3/3        EV: 13    Int: 11    God:    Qazlal [**....]
Gold:   26         SH:  0    Dex: 15    Spells: 2/2 levels left

rFire    . . .     SeeInvis .     - Unarmed
rCold    . . .     Faith    .   (no shield)
rNeg     . . .     Spirit   .   a - +0 robe
rPois    .         Reflect  .   (no helmet)
rElec    .         Harm     .   (no cloak)
rCorr    .         Rampage  .   (no gloves)
Will     .....                  (no boots)
Stlth    +.........             (no amulet)
HPRegen  0.10/turn              (no ring)
MPRegen  0.08/turn              (no ring)

@: confused
A: molten scales 1, powered by death 1
a: Renounce Religion, Upheaval


You were on level 2 of the Dungeon.
You worshipped Qazlal.
Qazlal was pleased with you.
You visited 1 branch of the dungeon, and saw 2 of its levels.

You collected 26 gold pieces.

Inventory:

Armour
 a - a +0 robe (worn)


   Skills:
 + Level 3.6 Fighting
 - Level 2.6 Dodging
 - Level 1.7 Stealth
 * Level 3.9 Unarmed Combat
 + Level 0.1 Invocations


You had 2 spell levels left.
You didn't know any spells.
Your spell library was empty.

Dungeon Overview and Level Annotations

Branches:
Dungeon (1/15)

Altars:
Qazlal


Innate Abilities, Weirdness & Mutations

You are partially covered in molten scales. (AC +2)
You regenerate a little health from kills.


Message History

The orc wizard hits you with a +0 dagger.
You completely miss the orc wizard.
The orc wizard is severely wounded.
The orc wizard hits you but does no damage.
You hit the orc wizard.
The orc wizard is almost dead.
The orc wizard casts a spell at you. The puff of flame hits you!
* * * LOW HITPOINT WARNING * * *
You hit the orc wizard but do no damage.
The orc wizard is almost dead.
The orc wizard hits you but does no damage.
You barely miss the orc wizard.
You punch the orc wizard, but do no damage.
The orc wizard is almost dead.
The orc wizard casts a spell at itself.
The orc wizard flickers and vanishes!
Deactivating autopickup; reactivate with Ctrl-A.
You aren't carrying any potions.
As you read the scroll labelled KEOPHABBA ESOYFF, it crumbles to dust.
It is a scroll of identify.
You don't have any unidentified items.
You hear some strange, mumbled words.
Something tries to affect you, but you resist.
You hear some strange, mumbled words.
You are confused.
You bump into the rock wall.
You hear some strange, mumbled words.
You are more confused.
Unknown command.
You are too confused!
You bump into the rock wall.
You bump into the rock wall.
Something hits you.
* * * LOW HITPOINT WARNING * * *
You hear some strange, mumbled words.
Something tries to affect you, but you resist.
You hear some strange, mumbled words.
A magic dart appears from out of thin air!
The magic dart hits you!
You die...

#..... .. ###.#... ..
##...#... .## ###..###...
#.<........# #...##.....
...... #..####
#.##...#... .....
#....####.#..##.... ....
#....##.†#.###.### ..#
##@................ #.#
##{....[>.(...######
##.####o....###....##
#[.o..o.#..........####
#...#.######.#..##......#
.....<##..###
#.##)##.####.# ####.#
##...#####...### #.# #..
###...##...[.## ### #.
###.#.......###


You could see 2 orcs.

Vanquished Creatures
  Jessica (D:2)
  3 adders (D:2)
  An orc (D:2)
  A goblin (D:2)
  4 hobgoblins (D:2)
  3 frilled lizards (D:2)
13 creatures vanquished.

Notes
Turn   | Place    | Note
-------+----------+-------------------------------------------
     0 | D:1      | kae the Demonspawn Monk began the quest for the Orb.
     0 | D:1      | Reached XP level 1. HP: 18/18 MP: 1/1
    15 | D:1      | You fall into a shaft and drop 1 floor!
    35 | D:2      | Gained mutation: You are partially covered in molten
                  | scales. (AC +2) [demonic ancestry]
    35 | D:2      | Reached XP level 2. HP: 6/24 MP: 2/2
   308 | D:2      | Gained mutation: You regenerate a little health from kills.
                  | [demonic ancestry]
   308 | D:2      | Reached XP level 3. HP: 23/29 MP: 3/3
   391 | D:2      | Found a stormy altar of Qazlal.
   391 | D:2      | Noticed Jessica
   438 | D:2      | Killed Jessica
   454 | D:2      | Became a worshipper of Qazlal Stormbringer
   454 | D:2      | Reached * piety under Qazlal
   454 | D:2      | Reached ** piety under Qazlal
   582 | D:2      | Killed from afar by an orc wizard

Illustrated notes

Levels and vault maps discovered:
D:1:      roderic_octagonal_star, layout_loops_corners, grunt_decor_fettered,
          minmay_pentomino_z2
D:2:      layout_rooms, lemuel_round_altar, grunt_ministairs_4, uniq_jessica

Skill      XL: |  1 |
---------------+----+-----
Unarmed Combat | 3 |  3.9
Fighting       | |  3.6
Dodging        | |  2.6
Stealth        | |  1.7
Invocations    | |  0.1

Action                   || total
-------------------------++-------
Melee: Unarmed           ||    83
       Punch             ||     3
  Use: Scroll            ||     1
Armor: Robe              ||    16
Dodge: Dodged            ||    46
Block: Other             ||     2

Table legend: (Time is in decaauts)
 A = Elapsed time spent in this place.
 B = Non-inter-level travel time spent in this place.
 C = Inter-level travel time spent in this place.
 D = Time resting spent in this place.
 E = Time spent auto-exploring this place.
 F = Levels seen in this place.
 G = Mean time per level.
                   A        B        C        D        E       F      G
               +--------+--------+--------+--------+--------+-----+--------+
         Total |    576 |    576 |      0 |    235 |    196 |   2 |  288.0 |
       Dungeon |    576 |    576 |      0 |    235 |    196 |   2 |  288.0 |
               +--------+--------+--------+--------+--------+-----+--------+

Top non-repeatable levels by time:
     D:2: 561 daAuts
     D:1: 15 daAuts
